 Dungeon Crawl Stone Soup version 0.16-b1 (webtiles) character file.

5 RobertPalmer the Vexing (level 1, 0/13 HPs)
             Began as an Octopode Arcane Marksman on Mar 14, 2015.
             Slain by a jackal (2 damage)
             ... on level 1 of the Dungeon.
             The game lasted 00:00:40 (248 turns).

RobertPalmer the Vexing (Octopode Arcane Marksman)   Turns: 248, Time: 00:00:40

Health: 0/13       AC:  1    Str: 10    XL:     1   Next: 80%
Magic:  1/2        EV: 17    Int: 20    God:
Gold:   15         SH:  0    Dex: 16    Spells: 1 memorised, 1 level left

rFire  . . .     SeeInvis .     i - +0 dagger
rCold  . . .     Clarity  .     (no shield)
rNeg   . . .     SustAb   .     (helmet restricted)
rPois  .         Gourm    .     (no amulet)
rElec  .         Spirit   .     (no ring)
rCorr  .         Warding  .     (no ring)
rMut   .         Stasis   .     (no ring)
MR     .....                    (no ring)
Stlth  +++.......               (no ring)
                                (no ring)
                                (no ring)
                                (no ring)

@: brilliant, agile, not resistant to hostile enchantments, fairly stealthy
A: almost no armour, amphibious, 8 rings, constrict 8, camouflage 1, gelatinous
body 1
a: no special abilities


You were on level 1 of the Dungeon.
You were not hungry.

You visited 1 branch of the dungeon, and saw 1 of its levels.

You collected 15 gold pieces.

Inventory:

Hand weapons
 b - a +0 hand crossbow
 i - a +0 dagger (weapon)
   (You took it off a kobold on level 1 of the Dungeon)
Missiles
 c - 20 bolts
Scrolls
 a - a scroll of immolation {unknown}
 e - a scroll of random uselessness {unknown}
 g - a scroll of identify {unknown}
 h - a scroll of enchant weapon {unknown}
Books
 d - a book of Debilitation
Comestibles
 f - a bread ration


   Skills:
 + Level 1.1 Fighting
 + Level 2.1 Crossbows
 + Level 2.0 Dodging
 + Level 1.0 Spellcasting
 + Level 3.1 Hexes


You had one spell level left.
You knew the following spells:

 Your Spells              Type           Power        Failure   Level  Hunger
v - Corona                Hex            ####...      1%          1    ##.....


Dungeon Overview and Level Annotations

Branches:
Dungeon (1/15)

Altars:


Innate Abilities, Weirdness & Mutations

You cannot wear most types of armour.
You are amphibious.
You can wear up to eight rings at the same time.
You can use your tentacles to constrict many enemies at once.
Your skin changes colour to match your surroundings (Stealth).
Your rubbery body absorbs attacks (AC +1).


Message History

You constrict the kobold, but do no damage.
The kobold closely misses you.
You tentacle-slap the kobold but do no damage.
The kobold is severely wounded.
You constrict the kobold.
You kill the kobold!
No target in view!
i - a dagger You see here a kobold corpse.
j - a viscous white potion
c - 20 bolts (gained 1) Wield which item (- for none, * to show all)? (? for menu, Esc to quit)
i - a +0 dagger (weapon)
Drop what? 10/52 slots (_ for help) (? for menu, Esc to quit)
You drop a mace.
e - a scroll labeled XOCERI LOP TWA You open the door.
There is an open door here.
You now have 15 gold pieces (gained 10).
Found a stone staircase leading down.
A goblin comes into view. It is wielding a club.
The goblin shouts!
A goblin is nearby!
A goblin is nearby!
A goblin is nearby!
You hit the goblin but do no damage. Your grab misses the goblin.
You squeeze the goblin.
You kill the goblin!
No target in view!
No target in view!
You see here a club.
k - a brown potion You open the door.
Found a stone staircase leading down.
There is an open door here.
You open the door.
There is an open door here.
You see here 29 stones.
A giant newt comes into view.
A giant newt is nearby!
A giant newt is nearby!
A giant newt is nearby!
You miss the giant newt. Your grab misses the giant newt.
The giant newt misses you.
You hit the giant newt.
You kill the giant newt!
No target in view!
A kobold comes into view. It is wielding an enchanted dagger.
A kobold is nearby!
A kobold is nearby!
A kobold is nearby!
The kobold shouts!
A jackal comes into view.
The kobold closely misses you.
A jackal comes into view.
The jackal barks!
You hit the kobold. Your grab misses the kobold.
The kobold is heavily wounded.
The kobold closely misses you.
A jackal comes into view.
You barely miss the kobold.
The jackal barks!
Your grab misses the kobold.
The kobold is heavily wounded.
The kobold closely misses you.
A goblin comes into view.
You closely miss the kobold. Your grab misses the kobold.
The kobold is heavily wounded.
The kobold hits you with an enchanted dagger.
Casting: Corona
Confirm with . or Enter, or press ? or * to list all spells.
Aiming: Corona
Press: ? - help, Shift-Dir - straight line, f - kobold
Aim: a kobold, wielding an enchanted dagger (heavily wounded, chance 63%)
The kobold is outlined in light.
The kobold hits you with an enchanted dagger.
* * * LOW HITPOINT WARNING * * *
You are too injured to fight recklessly!
You barely miss the kobold. You grab the kobold.
You squeeze the kobold, but do no damage.
The kobold is heavily wounded.
You constrict the kobold. The kobold barely misses you.
You hit the kobold but do no damage.
The kobold is severely wounded.
You constrict the kobold.
You kill the kobold!
Drink which item? (? for menu, Esc to quit)
It was a potion of brilliance.
You feel clever all of a sudden. The jackal barely misses you.
Drink which item? (? for menu, Esc to quit)
It was a potion of agility.
You feel agile all of a sudden. The jackal closely misses you.
The jackal barely misses you. The jackal misses you.
You hit the jackal but do no damage. Your grab misses the jackal.
The jackal bites you.
* * * LOW HITPOINT WARNING * * *
You barely miss the jackal. Your grab misses the jackal. The jackal bites you.
You die...

#######.#.....###### .#
.................## .######
#########...(.....####......#
#########.........(...#
.......##.............+
.......##.....#.......# #
<......########.g.....# .#
.......# ##h##)### ..#
.......# #@##.## .. #.######
###..#hh###h#### ..#
........$....h...# #.#
#####..#.###g##.# ..# #......
.# >.# #...#.# # ..# #+#.#.#
#.# ..... ..# ... ...


You could see a jackal and a goblin.

Vanquished Creatures
  A goblin (D:1)
  2 kobolds (D:1)
  A giant newt (D:1)
  A rat (D:1)
5 creatures vanquished.

Notes
Turn   | Place    | Note
--------------------------------------------------------------
     0 | D:1      | RobertPalmer, the Octopode Arcane Marksman, began the quest for the Orb.
     0 | D:1      | Reached XP level 1. HP: 13/13 MP: 2/2
   239 | D:1      | HP: 3/13 [kobold/enchanted dagger (6)]
   247 | D:1      | HP: 2/13 [jackal (1)]
   248 | D:1      | Slain by a jackal

Action                   || total
-------------------------++-------
Melee: Dagger            ||    10
       Unarmed           ||     5
 Fire: Hand crossbow     ||     1
 Cast: Corona            ||     1
  Use: Potion            ||     2
 Stab: Sleeping          ||     1

Vault maps used:
D:1:      lemuel_arrival_hallway, minmay_hedge_maze

Table legend:
 A = Turns spent in this place as a percentage of turns spent in the entire game.
 B = Non-inter-level travel turns spent in this place as a percentage of non-inter-level travel turns spent in the entire game.
 C = Inter-level travel turns spent in this place as a percentage of turns spent in this place.
 D = Turns resting spent in this place as a percentage of non-inter-level travel turns spent in this place.
 E = Turns spent auto-exploring this place as a percentage of non-inter-level travel turns spent in this place.
 F = Non-inter-level travel turns spent in this place divided by the number of levels of this place that you've seen.
                   A       B       C       D       E      F
               +-------+-------+-------+-------+-------+----------------------
         Total | 100.0 | 100.0 |   0.0 |   0.0 |  15.6 |  90.0
       Dungeon | 100.0 | 100.0 |   0.0 |   0.0 |  15.6 |  90.0
               +-------+-------+-------+-------+-------+----------------------

Table legend:
 A = Kills in this place as a percentage of kills in entire the game.
 B = Kills by you in this place as a percentage of kills by you in the entire game.
 C = Kills by friends in this place as a percentage of kills by friends in the entire game.
 D = Other kills in this place as a percentage of other kills in the entire game.
 E = Experience gained in this place as a percentage of experience gained in the entire game.
 F = Experience gained in this place divided by the number of levels of this place that you have seen.
                   A       B       C       D       E      F
               +-------+-------+-------+-------+-------+----------------------
         Total | 100.0 | 100.0 |  -nan |  -nan | 100.0 |   8.0
       Dungeon | 100.0 | 100.0 |  -nan |  -nan | 100.0 |   8.0
               +-------+-------+-------+-------+-------+----------------------
